 Dungeon Crawl Stone Soup version 0.29.0-15-g675c0067aa (webtiles) character file.

Game seed: 12178429703574248099

275 Flure the Sneak (level 6, 0/34 (38) HPs)
             Began as a Kobold Brigand on Sept 11, 2022.
             Was an Initiate of Dithmenos.
             Slain by a hell rat (2 damage)
             ... in a sewer.
             The game lasted 00:04:36 (4139 turns).

Flure the Sneak (Kobold Brigand)                    Turns: 4139, Time: 00:04:36

HP:   0/34 (38)     AC:  3    Str:  8    XL:     6   Next: 49%
MP:   6/6           EV: 16    Int: 12    God:    Dithmenos [......]
Gold: 135           SH:  0    Dex: 19    Spells: 5/5 levels left

rFire   . . .      SeeInvis .   h - +1 dagger (freeze)
rCold   . . .      Faith    .   (no shield)
rNeg    . . .      Spirit   .   b - +0 robe
rPois   .          Reflect  .   (no helmet)
rElec   .          Harm     .   c - +0 cloak
rCorr   .          Rampage  .   (no gloves)
Will    .....                   (no boots)
Stlth   +++++.....              (no amulet)
HPRegen 0.11/turn               (no ring)
MPRegen 0.10/turn               (no ring)

@: heavily drained
A: small, no large weapons, nightstalker 3
a: Renounce Religion


You were in a sewer.
You worshipped Dithmenos.
Dithmenos was noncommittal.
You visited 2 branches of the dungeon, and saw 5 of its levels.
You also visited: Sewer.

You collected 135 gold pieces.

Inventory:

Hand Weapons
 h - a +1 dagger of freezing (weapon)
 m - a +2 dagger
 o - a +0 dagger of venom
 y - a +1 dagger of draining
Missiles
 a - 4 boomerangs
 d - 13 poisoned darts (quivered)
 e - 3 curare-tipped darts
Armour
 b - a +0 robe (worn)
 c - a +0 cloak (worn)
Jewellery
 u - the amulet "Zoobonuc" {RegenMP rElec Stlth+}
   (You found it on level 3 of the Dungeon)

   [amulet of magic regeneration]

   It increases your rate of magic regeneration.
   rElec:     It insulates you from electricity.
   Stlth:     It makes you more stealthy.
 w - a ring of fire
Scrolls
 g - 4 scrolls of identify {unknown}
 j - a scroll of butterflies {unknown}
 l - 2 scrolls of fear {unknown}
 n - 2 scrolls of blinking {unknown}
 p - a scroll of noise {unknown}
 q - a scroll of summoning {unknown}
 x - a scroll of brand weapon {unknown}
 z - a scroll of enchant weapon {unknown}
Potions
 f - a potion of invisibility {unknown}
 i - 5 potions of curing {unknown}
 k - 2 potions of haste {unknown}
 r - 3 potions of degeneration {unknown}
 s - a potion of resistance {unknown}
 t - a potion of might {unknown}
 v - a potion of lignification {unknown}


   Skills:
 + Level 3.6 Fighting
 * Level 4.5 Short Blades
 + Level 3.6 Throwing
 + Level 3.2 Dodging
 + Level 6.5 Stealth


You had 5 spell levels left.
You didn't know any spells.
Your spell library contained the following spells:

 Spells                   Type           Power      Damage    Failure   Level
 Ignite Poison            Fire/Tmut/Pois 0%         N/A       69%         3
 Mephitic Cloud           Conj/Pois/Air  0%         N/A       69%         3
 Freezing Cloud           Conj/Ice/Air   0%         6-21      100%        5
 Summon Forest            Summ/Tloc      0%         N/A       100%        5
 Summon Mana Viper        Hex/Summ       0%         N/A       100%        5
 Summon Cactus Giant      Summ           0%         N/A       100%        6


Dungeon Overview and Level Annotations

Branches:
Dungeon (4/15)             Temple (1/1) D:4           Sewer (1/1)

Altars:
Dithmenos
Elyvilon
Fedhas
Gozag
Hepliaklqana
Kikubaaqudgha
Okawaru
Qazlal
Ru
Trog
Uskayaw
Vehumet
Xom
Yredelemnul


Innate Abilities, Weirdness & Mutations

You are small and have problems with some larger weapons.
You are completely attuned to the shadows.


Message History

You kill the river rat!
Dithmenos accepts your kill.
You enter the shallow water.
Moving in this stuff is going to be slow.
A river rat comes into view.
You enter the shallow water.
Moving in this stuff is going to be slow.
The helpless river rat fails to defend itself.
You perforate the river rat like a sieve!!!
You freeze the river rat.
You kill the river rat!
Dithmenos accepts your kill.
You enter the shallow water.
Moving in this stuff is going to be slow.
A rat comes into view.
The helpless rat fails to defend itself.
You spit the rat like a pig!!! You freeze the rat.
You kill the rat!
Dithmenos accepts your kill.
You see here a rat corpse.
You enter the shallow water.
Moving in this stuff is going to be slow.
You enter the shallow water.
Moving in this stuff is going to be slow.
You see here a rat corpse.
You enter the shallow water.
Moving in this stuff is going to be slow.
You open the door.
A hell rat comes into view.
The hell rat roars deafeningly!
Found five items.
There is an open door here.
You barely miss the hell rat. You hit the hell rat but do no damage.
The hell rat closely misses you.
You closely miss the hell rat. The hell rat bites you!
You feel drained.
You hit the hell rat but do no damage. The hell rat bites you!
You hit the hell rat but do no damage. The hell rat bites you!
* * * LOW HITPOINT WARNING * * *
You feel drained.
You die...

###.~.###
#.~.~~..#
##~~~~...##
#.~~###~..#
##~.##.##.~##
#~.~#~~~#~~~#
#..##~.=##~.#
#.~#~~~? #~.#
#~@r~~~! #∩∩#
#~.#.~~! #~~#
#.~##~~?##.~#
#~~~#.~~#.~.#
##.~##~##.~##
#.~~###~..#
##..~~†.~##
#.~.~~~.#
###.~.###


You could see a hell rat.

Vanquished Creatures
  A black bear (D:4)
  A jelly (D:4)
  Crazy Yiuf (D:2)
  An adder (D:2)
  2 river rats (Sewer)
  An ufetubus (D:4)
  3 worms
  A dart slug (D:1)
  5 orcs
  8 ball pythons
  5 bats
  7 endoplasms
  9 giant cockroaches
  7 goblins
  4 hobgoblins
  5 kobolds
  5 quokkas
  5 frilled lizards
  5 rats
76 creatures vanquished.

Notes
Turn   | Place    | Note
-------+----------+-------------------------------------------
     0 | D:1      | Flure the Kobold Brigand began the quest for the Orb.
     0 | D:1      | Reached XP level 1. HP: 12/12 MP: 1/1
   201 | D:1      | Reached XP level 2. HP: 18/18 MP: 2/2
   407 | D:1      | Found a faded altar of an unknown god.
  1101 | D:2      | Identified the +6 flail of Fate {drain, rElec rF+}
  1128 | D:2      | Reached XP level 3. HP: 12/22 MP: 3/3
  1821 | D:2      | Reached XP level 4. HP: 27/27 MP: 4/4
  1936 | D:2      | Found a runed translucent door.
  1939 | D:2      | Noticed Crazy Yiuf
  1959 | D:2      | Killed Crazy Yiuf
  2772 | D:3      | Found a sacrificial altar of Ru.
  3049 | D:3      | Reached skill level 6 in Stealth
  3128 | D:3      | Reached XP level 5. HP: 32/32 MP: 5/5
  3354 | D:3      | Identified the amulet "Zoobonuc" {RegenMP rElec Stlth+}
  3815 | D:4      | Noticed a black bear
  3819 | D:4      | Killed a black bear
  3820 | D:4      | Reached XP level 6. HP: 37/37 MP: 6/6
  3896 | D:4      | Found a staircase to the Ecumenical Temple.
  3905 | Temple   | Entered the Ecumenical Temple
  3975 | Temple   | Became a worshipper of Dithmenos the Shadowed
  4057 | D:4      | Found a glowing drain.
  4087 | Sewer    | Entered a sewer
  4139 | Sewer    | Slain by a hell rat

Illustrated notes

Levels and vault maps discovered:
D:1:      eino_arrival_cavern_a, layout_basic, ebering_ecumenical_altar_webs,
          hangedman_glass_teeth, minmay_misc_feat_tiny, minmay_bisected
D:2:      layout_basic, uniq_crazy_yiuf_cottage
D:3:      layout_basic, general_overflow_altar
D:4:      kennysheep_kobold_camp, layout_loops_ring,
          mainiacjoe_overflow_alcove_4, minmay_temple_entry_sparse_star,
          gup_sewer_entry_pipe, serial_glass, glass_columns_b, glass_columns_a,
          uniq_menkaure, uniq_natasha
Temple:   zaba_magenta_temple
Sewer:    sewer_hellmonk_bad_rat

Skill      XL: |  1  2  3  4  5 |
---------------+----------------+-----
Short Blades   | 3 4 |  4.5
Dodging        | 2 3 |  3.2
Fighting       | 3 |  3.6
Throwing       | 3 |  3.6
Stealth        | 6 |  6.5

Action                   |  1- 3 |  4- 6 || total
-------------------------+-------+-------++-------
Melee: Dagger            |    67 |    90 ||   157
       Punch             |       |     1 ||     1
Throw: Dart              |     6 |     2 ||     8
       Boomerang         |     4 |       ||     4
 Stab: Sleeping          |    14 |    29 ||    43
Armor: Robe              |    12 |     3 ||    15
Dodge: Dodged            |    41 |    38 ||    79
